 Dungeon Crawl Stone Soup version 0.30.1-11-g7821555f0a (webtiles) character file.

Game seed: 15647843027368153938

87 Zeor the Ducker (level 4, -4/33 HPs)
             Began as a Demonspawn Gladiator on Nov 3, 2023.
             Killed by divine providence
             ... invoked by an orc priest
              (14 damage)
             ... on level 3 of the Dungeon.
             The game lasted 00:06:39 (2288 turns).

Zeor the Ducker (Demonspawn Gladiator)              Turns: 2288, Time: 00:06:41

Health: -4/33      AC:  4    Str: 14    XL:     4   Next: 28%
Magic:  5/5        EV: 12    Int: 11    God:
Gold:   191        SH:  0    Dex: 15    Spells: 5/5 levels left

rFire   . . .        a - +0 long sword
rCold   . . .        (no shield)
rNeg    . . .        b - +0 leather armour
rPois   .            c - +0 helmet
rElec   .            (no cloak)
rCorr   .            (no gloves)
SInv    +            (no boots)
Will    .....        (no amulet)
Stlth   +            f - ring of see invisible
HPRegen 0.25/turn    (no ring)
MPRegen 0.09/turn

%: no passive effects
@: no status effects
A: spiny 1, weakness stinger 2
a: no special abilities


You were on level 3 of the Dungeon.
You visited 1 branch of the dungeon, and saw 3 of its levels.

You collected 191 gold pieces.

Inventory:

Hand Weapons
 a - a +0 long sword (weapon)
Missiles
 d - 3 throwing nets (quivered)
 e - a javelin
Armour
 b - a +0 leather armour (worn)
 c - a +0 helmet (worn)
 h - the orb of Guin {guile, +Inv rF+ Str-5}
   (You found it on level 2 of the Dungeon)

   Str:       It affects your strength (-5).
   rF:        It protects you from fire.
   +Inv:      It lets you turn invisible.
Jewellery
 f - a ring of see invisible (left hand)
 g - an amulet of regeneration
Scrolls
 k - a scroll of fog
 l - a scroll of magic mapping
Potions
 i - 2 potions of curing
 j - a potion of might {unknown}


   Skills:
 + Level 2.2 Fighting
 + Level 3.2 Long Blades
 + Level 1.8 Throwing
 + Level 1.2 Armour
 * Level 3.4 Dodging
 + Level 0.4 Stealth
 * Level 1.3 Spellcasting


You had 5 spell levels left.
You didn't know any spells.
Your spell library contained the following spells:

 Spells                   Type           Power      Damage    Failure   Level
 Sublimation of Blood     Necr           0%         N/A       52%         2
 Wereblood                Tmut           0%         N/A       52%         2
 Call Canine Familiar     Summ           0%         N/A       75%         3
 Portal Projectile        Hex/Tloc       0%         N/A       75%         3
 Leda's Liquefaction      Hex/Erth       0%         N/A       98%         4
 Summon Hydra             Summ           0%         N/A       100%        7


Dungeon Overview and Level Annotations

Branches:
Dungeon (3/15)

Altars:
Xom

Shops:
D:1 [   D:2 (


Innate Abilities, Weirdness & Mutations

You are partially covered in sharp spines.
You have a tail ending in a sharp stinger.


Message History

The orc shouts!
You hear a shout!
You hit the orc but do no damage. You tail-slap the orc.
The orc is heavily wounded.
The orc barely misses you.
An orc priest comes into view. It is wielding a +0 hand axe.
The orc hits you with a +0 flail.
You closely miss the orc.
The orc is heavily wounded.
The orc priest shouts!
The orc is struck by your spines.
You kill the orc!
You closely miss the orc priest. You tail-slap the orc priest.
The orc priest is moderately wounded.
The orc priest mumbles some strange prayers to Beogh against you.
Pain shoots through your body!
You barely miss the orc priest.
The orc priest is moderately wounded.
The orc priest hits you with a +0 hand axe.
You barely miss the orc priest.
The orc priest is moderately wounded.
An orc comes into view. It is wielding a +0 club.
The orc priest hits you with a +0 hand axe!
You closely miss the orc priest.
The orc priest is moderately wounded.
The orc priest barely misses you.
You hit the orc priest but do no damage.
The orc priest is moderately wounded.
The orc hits you with a +0 club.
The orc priest hits you with a +0 hand axe.
You hit the orc priest but do no damage.
The orc priest is moderately wounded.
The orc is struck by your spines. The orc closely misses you.
The orc priest hits you but does no damage.
You hit the orc priest but do no damage.
The orc priest is moderately wounded.
The orc completely misses you. The orc priest closely misses you.
The orc hits you but does no damage.
The orc priest mumbles some strange prayers to Beogh against you.
Beogh smites you!
You die...

▒▒▒▒ ▒∙∙
▒▒▒▒▒▒▒▒o▒▒
▒▒▒▒▒▒▒
▒∙∙∙∙∙∙o6∙▒
▒∙∙∙)∙∙
▒∙∙∙∙∙∙∙∙∙▒
▒∙∙∙∙∙∙
▒∙∙∙∙∙∙∙∙∙▒
▒^∙∙∙∙∙
▒∙∙∙∙∙∙∙∙∙▒
▒▒▒▒▒▒▒∙∙∙∙∙∙
▒▒▒▒∙∙∙∙∙∙∙∙∙▒
▒∙∙∙∙∙∙∙∙∙∙∙∙
∙∙∙∙∙∙∙∙∙∙∙∙∙▒
▒∙∙∙∙∙∙∙∙∙∙∙∙
▒
▒▒▒▒∙∙∙∙∙∙∙∙▒


■∙∙∙∙[∙∙∙∙∙∙∙ ▒▒▒▒▒▒▒▒▒▒∙∙∙∙∙∙∙∙▒ ▒∙∙∙∙∙∙∙∙∙∙▒▒
▒∙∙∙∙∙∙∙∙'∙∙∙∙∙∙∙∙'∙'∙∙∙∙∙∙∙∙∙∙∙▒ You could see an orc priest and an orc.

Vanquished Creatures
  3 adders (D:2)
  A worm (D:2)
  A dart slug (D:2)
  7 orcs (D:3)
  5 ball pythons
  4 bats (D:2)
  4 endoplasms
  A giant cockroach (D:3)
  3 goblins
  7 hobgoblins
  7 kobolds
  2 frilled lizards
45 creatures vanquished.

Notes
Turn   | Place    | Note
-------+----------+-------------------------------------------
     0 | D:1      | Zeor the Demonspawn Gladiator began the quest for the Orb.
     0 | D:1      | Reached XP level 1. HP: 16/16 MP: 1/1
   148 | D:1      | Found Bevymeg's Armour Shop.
   430 | D:1      | Gained mutation: You are partially covered in sharp spines.
                  | [demonic ancestry]
   430 | D:1      | Reached XP level 2. HP: 12/22 MP: 2/2
   764 | D:2      | Found Gomegg's Antique Weapon Shop.
   887 | D:2      | Gained mutation: You have a small tail. [demonic ancestry]
   887 | D:2      | Reached XP level 3. HP: 3/27 MP: 3/3
  1309 | D:2      | Found a shimmering altar of Xom.
  1332 | D:2      | Reached skill level 1 in Spellcasting
  1383 | D:2      | Reached skill level 1 in Armour
  1548 | D:2      | Identified the orb of Guin {guile, +Inv rF+ Str-5}
  1827 | D:3      | Found a faded altar of an unknown god.
  1879 | D:3      | Gained mutation: You have a tail ending in a sharp stinger.
                  | [demonic ancestry]
  1879 | D:3      | Reached XP level 4. HP: 33/33 MP: 5/5
  2288 | D:3      | Killed from afar by an orc priest

Illustrated notes

Levels and vault maps discovered:
D:1:      evilmike_arrival_rings, layout_loops_ring, serial_shops, shop
D:2:      layout_basic, basic_altar, serial_shops,
          nicolae_shop_just_a_little_nook
D:3:      layout_basic, hellmonk_ecumenical_altar_crossroads

Skill      XL: |  1  2  3 |
---------------+----------+-----
Dodging        | 3 |  3.4
Long Blades    | 3 |  3.2
Spellcasting   | 1 |  1.3
Armour         | 1 |  1.2
Fighting       | |  2.2
Throwing       | |  1.8
Stealth        | |  0.4

Action                     |  1- 3 |  4- 6 || total
---------------------------+-------+-------++-------
  Melee: Long sword        |    65 |    34 ||    99
         Punch             |     2 |     1 ||     3
         Tailslap          |     5 |     7 ||    12
    Use: Scroll            |     6 |     1 ||     7
   Stab: Sleeping          |     1 |       ||     1
 Armour: Leather armour    |    15 |     5 ||    20
  Dodge: Dodged            |    37 |    18 ||    55
